General information
- name: BNet
- type: Ladder 1vs1/FFA
- host: Battle.net
- saver: homsar
map: CentaurGrove
- players: 2
- length: 133:38
- speed: Fast
- version: 1.26 W3XP
- replay type: Public
» download(339 KB)
Players
team 1 (loser)
w4a2s0 (
red | 31 APM | 4187 actions | 133:36)
6 Paladin
2 Holy Light
1 Divine Shield
2 Devotion Aura
1 Resurrection
4 Archmage
1 Summon Water Elemental
2 Brilliance Aura
1 Blizzard
» actions
| Basic commands | 1 | |
| Build / train | 241 | |
| Enter build submenu | 132 | |
| Enter hero's abilities submenu | 9 | |
| Right click | 1824 | |
| Select / deselect | 1705 | |
| Use ability | 274 | |
4187 total
» units
| Peasant | 21 | |
| Footman | 3 | |
| Rifleman | 37 | |
| Sorceress | 7 | |
| Goblin Shredder | 2 | |
| Knight | 33 | |
| Priest | 6 | |
| Spell Breaker | 1 | |
| Gryphon Rider | 9 | |
| Mortar Team | 8 | |
| Siege Engine | 6 | |
| Goblin Zeppelin | 1 | |
134 total
» upgrades
| Defend | 1 | |
| Swords | 3 | |
| Masonry | 3 | |
| Gunpowder | 3 | |
| Lumber Harvesting | 2 | |
| Magic Sentry | 1 | |
| Plating | 3 | |
| Storm Hammers | 1 | |
| Animal War Training | 1 | |
| Barrage | 1 | |
| Armor | 3 | |
| Fragmentation Shards | 1 | |
| Flare | 1 | |
| Long Rifles | 1 | |
25 total
» buildings
| Barracks | 5 | |
| Farm | 25 | |
| Altar of Kings | 2 | |
| Blacksmith | 2 | |
| Scout Tower | 72 | |
| Arcane Tower | 34 | |
| Lumber Mill | 3 | |
| Keep | 2 | |
| Castle | 2 | |
| Arcane Sanctum | 2 | |
| Arcane Vault | 1 | |
| Town Hall | 10 | |
| Gryphon Aviary | 3 | |
| Guard Tower | 30 | |
| Workshop | 3 | |
| Cannon Tower | 2 | |
198 total
» build order
00:08 Barracks
00:13 Farm
00:50 Farm
01:14 Altar of Kings
01:36 Farm
02:21 Blacksmith
02:41 Scout Tower
03:09 Farm
03:10 Arcane Tower
03:47 Barracks
03:51 Scout Tower
04:25 Arcane Tower
04:29 Scout Tower
04:35 Lumber Mill
04:44 Lumber Mill
04:59 Arcane Tower
05:11 Farm
06:15 Scout Tower
06:39 Keep
06:44 Arcane Tower
06:52 Farm
07:36 Farm
10:10 Castle
10:34 Arcane Sanctum
10:40 Arcane Vault
12:06 Town Hall
13:39 Farm
13:43 Farm
15:52 Farm
16:08 Town Hall
16:45 Farm
16:49 Gryphon Aviary
17:03 Town Hall
17:28 Town Hall
17:37 Scout Tower
17:51 Gryphon Aviary
18:21 Scout Tower
18:24 Arcane Tower
18:54 Arcane Tower
18:57 Scout Tower
19:17 Scout Tower
19:41 Scout Tower
19:42 Guard Tower
19:56 Scout Tower
20:06 Workshop
20:18 Arcane Tower
20:19 Scout Tower
20:32 Scout Tower
20:36 Guard Tower
20:42 Town Hall
20:44 Arcane Tower
20:59 Arcane Tower
21:06 Scout Tower
21:07 Arcane Tower
22:03 Guard Tower
23:33 Town Hall
24:21 Town Hall
25:43 Scout Tower
26:22 Cannon Tower
26:25 Scout Tower
26:43 Barracks
27:12 Guard Tower
27:24 Workshop
28:03 Scout Tower
28:12 Scout Tower
28:56 Scout Tower
29:00 Guard Tower
29:05 Scout Tower
29:39 Scout Tower
29:41 Cannon Tower
29:50 Guard Tower
29:53 Guard Tower
29:57 Scout Tower
30:27 Guard Tower
31:57 Guard Tower
31:59 Scout Tower
33:39 Guard Tower
34:06 Scout Tower
34:40 Guard Tower
34:44 Scout Tower
35:23 Scout Tower
39:06 Town Hall
41:30 Scout Tower
41:32 Scout Tower
41:40 Scout Tower
42:08 Arcane Tower
42:11 Scout Tower
42:13 Guard Tower
42:15 Scout Tower
42:45 Arcane Tower
42:47 Scout Tower
42:54 Scout Tower
42:56 Guard Tower
43:16 Arcane Tower
43:18 Scout Tower
43:43 Guard Tower
43:48 Scout Tower
44:04 Guard Tower
44:08 Scout Tower
44:19 Guard Tower
44:24 Scout Tower
44:38 Arcane Tower
44:49 Scout Tower
45:24 Scout Tower
47:40 Town Hall
48:02 Scout Tower
48:04 Scout Tower
48:05 Arcane Tower
48:58 Guard Tower
49:00 Scout Tower
49:02 Scout Tower
49:04 Guard Tower
49:42 Scout Tower
49:43 Guard Tower
49:45 Arcane Tower
50:23 Arcane Tower
50:28 Scout Tower
51:36 Arcane Tower
51:52 Scout Tower
52:05 Scout Tower
52:18 Scout Tower
52:41 Arcane Tower
52:43 Arcane Tower
52:45 Scout Tower
52:48 Scout Tower
52:52 Arcane Tower
52:54 Scout Tower
53:27 Arcane Tower
53:32 Scout Tower
53:56 Guard Tower
53:57 Guard Tower
53:59 Scout Tower
55:47 Guard Tower
56:49 Guard Tower
56:53 Scout Tower
60:11 Scout Tower
60:13 Arcane Tower
61:19 Altar of Kings
61:21 Guard Tower
63:21 Town Hall
63:54 Scout Tower
63:57 Scout Tower
64:27 Arcane Tower
64:35 Lumber Mill
64:51 Scout Tower
64:52 Guard Tower
64:56 Farm
65:26 Scout Tower
65:29 Guard Tower
66:01 Blacksmith
66:04 Guard Tower
66:07 Scout Tower
66:12 Keep
66:39 Arcane Tower
66:42 Scout Tower
67:41 Arcane Sanctum
67:46 Arcane Tower
68:06 Scout Tower
68:37 Castle
68:43 Farm
68:52 Scout Tower
69:05 Guard Tower
69:56 Farm
69:57 Arcane Tower
70:44 Farm
72:26 Barracks
73:08 Farm
73:34 Farm
73:49 Farm
74:44 Farm
74:54 Scout Tower
75:09 Farm
75:32 Guard Tower
77:10 Farm
77:18 Scout Tower
78:01 Scout Tower
78:16 Arcane Tower
78:37 Arcane Tower
78:39 Scout Tower
79:13 Farm
79:16 Guard Tower
79:45 Farm
81:05 Scout Tower
81:15 Scout Tower
81:33 Farm
82:21 Farm
82:32 Arcane Tower
84:54 Barracks
85:19 Workshop
97:37 Scout Tower
98:21 Scout Tower
98:45 Arcane Tower
99:09 Scout Tower
99:28 Arcane Tower
99:31 Scout Tower
99:50 Arcane Tower
100:30 Arcane Tower
115:19 Gryphon Aviary
team 2 (winner)
homsar (
blue | 47 APM | 6337 actions | 133:38)
8 Archmage
3 Blizzard
3 Brilliance Aura
1 Mass Teleport
1 Summon Water Elemental
7 Blood Mage
3 Flame Strike
3 Siphon Mana
1 Summon Phoenix
6 Dark Ranger
3 Life Drain
2 Silence
1 Charm
» actions
| Assign group hotkey | 121 | |
| Basic commands | 309 | |
| Build / train | 187 | |
| ESC pressed | 14 | |
| Enter build submenu | 125 | |
| Enter hero's abilities submenu | 21 | |
| Give item / drop item | 25 | |
| Right click | 2170 | |
| Select / deselect | 1667 | |
| Select group hotkey | 886 | |
| Use ability | 812 | |
6337 total
» units
| Peasant | 19 | |
| Goblin Zeppelin | 2 | |
| Goblin Shredder | 1 | |
| Sorceress | 5 | |
| Dragonhawk Rider | 8 | |
| Mortar Team | 1 | |
| Flying Machine | 1 | |
| Priest | 1 | |
38 total
» upgrades
| Masonry | 3 | |
| Sorceress Training | 2 | |
| Magic Sentry | 1 | |
| Cloud | 1 | |
| Storm Hammers | 1 | |
| Swords | 3 | |
| Armor | 3 | |
| Animal War Training | 1 | |
| Fragmentation Shards | 1 | |
| Flare | 1 | |
| Flak Cannons | 1 | |
| Priest Training | 2 | |
| Gunpowder | 1 | |
| Plating | 1 | |
22 total
» buildings
| Altar of Kings | 2 | |
| Farm | 15 | |
| Arcane Vault | 3 | |
| Lumber Mill | 5 | |
| Scout Tower | 130 | |
| Arcane Tower | 8 | |
| Town Hall | 10 | |
| Guard Tower | 39 | |
| Keep | 2 | |
| Blacksmith | 1 | |
| Arcane Sanctum | 1 | |
| Gryphon Aviary | 4 | |
| Castle | 2 | |
| Barracks | 1 | |
| Workshop | 1 | |
| Cannon Tower | 10 | |
234 total
» build order
00:04 Altar of Kings
00:29 Farm
00:29 Farm
00:51 Arcane Vault
00:58 Lumber Mill
01:08 Scout Tower
01:59 Arcane Tower
02:20 Farm
02:28 Scout Tower
03:56 Town Hall
03:59 Scout Tower
04:00 Scout Tower
04:16 Arcane Tower
04:32 Arcane Tower
04:44 Scout Tower
04:44 Scout Tower
05:00 Scout Tower
05:01 Scout Tower
05:02 Scout Tower
05:55 Guard Tower
05:56 Keep
06:27 Guard Tower
06:29 Guard Tower
06:31 Scout Tower
06:31 Scout Tower
06:35 Blacksmith
06:36 Farm
06:38 Farm
06:43 Farm
07:04 Scout Tower
07:06 Scout Tower
07:07 Scout Tower
07:22 Guard Tower
08:17 Guard Tower
08:17 Guard Tower
08:23 Arcane Sanctum
08:27 Gryphon Aviary
08:28 Gryphon Aviary
09:33 Guard Tower
09:35 Scout Tower
09:35 Scout Tower
09:37 Gryphon Aviary
09:39 Gryphon Aviary
09:43 Lumber Mill
10:11 Castle
10:34 Guard Tower
10:47 Scout Tower
13:56 Scout Tower
13:56 Scout Tower
13:57 Scout Tower
14:08 Guard Tower
14:56 Guard Tower
15:08 Barracks
15:27 Guard Tower
16:58 Arcane Vault
19:46 Scout Tower
19:47 Scout Tower
19:48 Scout Tower
19:54 Scout Tower
19:54 Scout Tower
20:19 Scout Tower
20:20 Scout Tower
20:27 Arcane Tower
20:28 Scout Tower
20:29 Scout Tower
20:30 Scout Tower
20:31 Guard Tower
20:39 Town Hall
20:49 Scout Tower
20:49 Scout Tower
22:11 Scout Tower
22:11 Scout Tower
22:12 Scout Tower
22:14 Town Hall
22:18 Scout Tower
22:19 Scout Tower
22:19 Scout Tower
22:20 Scout Tower
22:20 Scout Tower
22:21 Scout Tower
22:22 Scout Tower
22:22 Scout Tower
22:23 Scout Tower
22:31 Guard Tower
22:33 Scout Tower
23:24 Guard Tower
23:41 Guard Tower
24:03 Farm
24:22 Guard Tower
24:26 Scout Tower
24:26 Scout Tower
24:27 Scout Tower
24:29 Scout Tower
24:29 Scout Tower
24:30 Scout Tower
24:32 Guard Tower
24:44 Workshop
25:00 Farm
25:13 Guard Tower
25:22 Guard Tower
25:54 Guard Tower
29:53 Lumber Mill
30:59 Scout Tower
31:00 Scout Tower
31:02 Scout Tower
31:28 Guard Tower
33:19 Arcane Tower
33:27 Scout Tower
34:46 Cannon Tower
34:49 Scout Tower
34:50 Scout Tower
35:19 Cannon Tower
36:26 Town Hall
38:05 Farm
38:07 Farm
38:08 Farm
38:28 Scout Tower
38:29 Scout Tower
38:30 Scout Tower
38:43 Farm
38:44 Farm
38:56 Scout Tower
39:05 Guard Tower
39:13 Scout Tower
39:14 Scout Tower
39:15 Scout Tower
39:27 Cannon Tower
39:43 Guard Tower
39:50 Town Hall
40:47 Town Hall
40:55 Town Hall
40:59 Farm
41:06 Guard Tower
41:22 Scout Tower
41:24 Scout Tower
41:50 Arcane Vault
42:14 Scout Tower
42:15 Scout Tower
42:18 Scout Tower
42:20 Scout Tower
42:22 Guard Tower
42:59 Guard Tower
43:03 Scout Tower
43:08 Scout Tower
43:09 Scout Tower
43:15 Guard Tower
43:18 Scout Tower
43:19 Scout Tower
43:20 Scout Tower
43:21 Scout Tower
43:32 Scout Tower
43:43 Guard Tower
43:48 Scout Tower
43:48 Scout Tower
44:26 Guard Tower
45:02 Guard Tower
45:54 Guard Tower
45:56 Scout Tower
46:42 Town Hall
46:48 Scout Tower
46:48 Scout Tower
46:48 Scout Tower
46:49 Scout Tower
46:49 Scout Tower
46:50 Scout Tower
46:50 Scout Tower
46:51 Scout Tower
46:51 Scout Tower
46:51 Scout Tower
46:52 Scout Tower
46:52 Scout Tower
47:38 Cannon Tower
48:00 Keep
48:02 Scout Tower
48:03 Scout Tower
48:07 Scout Tower
48:07 Scout Tower
49:28 Guard Tower
49:30 Scout Tower
49:37 Scout Tower
49:37 Scout Tower
49:38 Scout Tower
49:40 Scout Tower
49:40 Scout Tower
50:02 Scout Tower
50:03 Scout Tower
50:04 Scout Tower
50:32 Altar of Kings
51:26 Guard Tower
51:27 Guard Tower
51:37 Castle
51:59 Scout Tower
51:59 Scout Tower
52:02 Scout Tower
52:02 Scout Tower
52:24 Scout Tower
52:25 Scout Tower
52:26 Scout Tower
52:27 Scout Tower
52:31 Scout Tower
52:31 Scout Tower
52:32 Scout Tower
52:37 Scout Tower
52:37 Scout Tower
52:39 Scout Tower
52:40 Scout Tower
52:40 Scout Tower
52:41 Scout Tower
53:21 Cannon Tower
53:22 Cannon Tower
53:22 Cannon Tower
53:23 Cannon Tower
53:24 Guard Tower
53:29 Arcane Tower
53:32 Scout Tower
53:32 Scout Tower
53:33 Arcane Tower
53:34 Guard Tower
53:37 Cannon Tower
53:40 Town Hall
55:25 Guard Tower
56:27 Guard Tower
56:32 Scout Tower
56:33 Scout Tower
56:34 Scout Tower
56:36 Scout Tower
56:37 Scout Tower
57:08 Guard Tower
57:12 Arcane Tower
57:40 Town Hall
57:54 Cannon Tower
58:46 Lumber Mill
74:14 Lumber Mill
87:07 Farm
» items
| Lesser Clarity Potion | 9 | |
| Scroll of Regeneration | 10 | |
| Boots of Speed | 3 | |
| Staff of Teleportation | 3 | |
| Potion of Healing | 2 | |
| Periapt of Vitality | 3 | |
| Potion of Lesser Invulnerability | 1 | |
| Scroll of Town Portal | 4 | |
| Staff of Sanctuary | 2 | |
| Ivory Tower | 3 | |
40 total
Chat log
(89:51 / All) homsar: gg...
(89:56 / All) homsar: :(
(89:57 / All) w4a2s0: very
(90:00 / All) w4a2s0: gg
(91:34 / All) homsar: Noooooooo
(92:13 / All) homsar: noooo
(92:16 / All) homsar: arrgh
(92:17 / All) homsar: gg
(92:21 / All) w4a2s0: gg
(92:31 / All) homsar: wtf
(92:37 / All) w4a2s0: hmmmm
(92:48 / All) homsar: all i have are watcher runes
(92:52 / All) homsar: i guess they count as buildings
(92:58 / All) homsar: can you kill those
(93:07 / All) w4a2s0: I can but can't see them
(93:15 / All) homsar: dont you have arcane towers
(94:34 / All) homsar: oh well games glitched
(94:38 / All) homsar: lets just leave
(94:43 / All) w4a2s0: yeah wierd
(94:53 / All) homsar: so long
(94:58 / All) w4a2s0: yup
(95:40 / All) homsar: arent you gonna leave
(96:03 / All) w4a2s0: arn't you?
(96:08 / All) homsar: oh i thought you were
(96:21 / All) w4a2s0: why would I?
(96:26 / All) homsar: well...its over..
(96:40 / All) w4a2s0: kinda I have not won yet
(96:52 / All) homsar: well the only thing left is my watcher wards
(96:53 / All) homsar: in the middle
(97:04 / All) homsar: i think you have to kill them or it wont give you the win
(97:13 / All) homsar: theyre near the goblin shops
(97:16 / All) w4a2s0: Yeah I'll see what I can do
(97:59 / All) homsar: they are at 2 oclock and 9 oclock
(98:02 / All) homsar: from the tavern
(98:11 / All) w4a2s0: koo
(98:21 / All) homsar: one is just southwest of your archmage
(98:47 / All) homsar: i think that towers too far
(98:56 / All) homsar: i can see it but the wards have further vision
(100:18 / All) w4a2s0: hmmmm
(100:23 / All) homsar: uh oh
(101:05 / All) w4a2s0: where are your heros
(101:11 / All) homsar: didnt you kill them
(101:27 / All) w4a2s0: I don't think so
(101:40 / All) homsar: but your assault
(101:42 / All) homsar: it was so terrifying
(101:53 / All) homsar: they must have all died or left the game in fear
(101:57 / All) w4a2s0: anyway I'm just puff for a bit
(102:15 / All) homsar: oh wait there they are
(103:41 / All) homsar: i found them
(103:52 / All) w4a2s0: ha ha
(103:56 / All) w4a2s0: your so funny
(104:07 / All) homsar: ikr
(105:35 / All) homsar: man those heroes
(105:38 / All) homsar: they were up to no good
(105:44 / All) homsar: making trouble in YOUR neighborhood
(106:55 / All) w4a2s0: come on dude
(107:03 / All) homsar: hey they did it not me
(107:11 / All) w4a2s0: I could just sit in my city all night
(107:20 / All) homsar: my record is 7 days
(107:25 / All) homsar: how bad do you want the win :)
(107:32 / All) w4a2s0: wow
(107:49 / All) w4a2s0: you just told me you have no life
(107:55 / All) homsar: hey youre in here too buddy
(108:17 / All) w4a2s0: I got 8 days
(108:20 / All) homsar: ok
(108:22 / All) homsar: lets do this
(108:26 / All) w4a2s0: yup
(108:53 / All) w4a2s0: what a way to wid dude
(109:06 / All) w4a2s0: you are by far the worst player I have ever played
(109:08 / All) homsar: lol
(109:13 / All) w4a2s0: all around d bag
(109:15 / All) homsar: yeah i do dumb things like mine in upkeep
(109:22 / All) homsar: why so M a D?
(109:29 / All) w4a2s0: not mad
(109:31 / All) homsar: mm hm
(109:32 / All) homsar: ok
(109:52 / All) homsar: you had like 8 gold mines
(109:55 / All) homsar: why not attack me
(109:56 / All) w4a2s0: coward
(110:04 / All) homsar: internet tough guy :P
(110:09 / All) w4a2s0: nope
(110:12 / All) homsar: yepper
(110:23 / All) w4a2s0: real tuff guy
(110:26 / All) homsar: why so defensive?
(110:37 / All) w4a2s0: why such a tool?
(110:39 / All) homsar: how "tuff" are you? tell me more
(110:55 / All) w4a2s0: dude why don't you go shoot up a movie
(111:24 / All) w4a2s0: ha ha
(111:30 / All) w4a2s0: that hit home didn't it
(111:31 / All) homsar: why not kill my base
(111:50 / All) homsar: didnt i let you have 8 gld mines?
(111:52 / All) homsar: i lost count
(112:00 / All) w4a2s0: just 1 more than you
(112:04 / All) w4a2s0: you know that
(112:15 / All) homsar: well i had no barracks
(112:22 / All) homsar: and i am by far the worst player youve ever played
(112:30 / All) homsar: so why did you let me take all those gold mines at 50 food?
(112:36 / All) w4a2s0: yeah you don't know how to loose
(112:39 / All) homsar: *lose
(112:48 / All) w4a2s0: ha ha
(112:53 / All) homsar: are you looking for my base
(112:56 / All) w4a2s0: i'm the internet tuff guy?
(113:03 / All) w4a2s0: yup
(113:06 / All) homsar: you should use those arcane tower to scan
(113:08 / All) homsar: you know
(113:10 / All) homsar: the smart thing
(113:19 / All) w4a2s0: don't have that many
(113:25 / All) homsar: well you should use the ones i was about to blow up
(113:27 / All) homsar: but
(113:30 / All) homsar: you didnt and they blew up
(113:41 / All) homsar: you could just use a goblin lab
(113:46 / All) homsar: i have 15k, you should have more
(113:58 / All) w4a2s0: man you play way too much
(114:03 / All) homsar: why do you assume that
(114:10 / All) w4a2s0: 7 day?
(114:13 / All) homsar: that was just once
(114:20 / All) homsar: technically was afk for most of it
(114:21 / All) w4a2s0: that was never
(114:30 / All) homsar: but you just said i play too much
(114:32 / All) homsar: now it didnt happen?
(114:36 / All) homsar: dont backpedal
(114:46 / All) w4a2s0: etllme more
(115:12 / All) w4a2s0: saw you
(115:18 / All) homsar: still got the exp
(115:20 / All) homsar: :)
(115:27 / All) homsar: hi
(115:30 / All) w4a2s0: ha ha
(115:36 / All) w4a2s0: o wow
(115:48 / All) homsar: well now that you saw my perch
(115:53 / All) homsar: youre gonna take it down i bet
(115:54 / All) homsar: gg...
(116:09 / All) homsar: lets see some dragonhawks
(116:24 / All) homsar: you must have about 18k by now if you played smart
(116:30 / All) w4a2s0: nope
(116:38 / All) homsar: well that was a pretty big "if"
(116:42 / All) w4a2s0: I'm fucking laughing at you
(116:47 / All) homsar: im sure
(116:52 / All) w4a2s0: no realy
(117:07 / All) w4a2s0: you play way too much
(117:09 / All) w4a2s0: ha ha
(117:12 / All) homsar: not but lets assume that
(117:14 / All) homsar: Because im better
(117:15 / All) homsar: :)
(117:23 / All) homsar: truth is i dont play very often
(117:28 / All) homsar: of course, im much, much smarter...
(117:36 / All) w4a2s0: wow
(117:44 / All) homsar: hey just working with what you give me
(118:17 / All) w4a2s0: this sux
(118:24 / All) homsar: well you could always leave
(118:36 / All) homsar: but then youd know i was chuckling at it
(118:53 / All) homsar: and we cant let that happen
(118:55 / All) w4a2s0: let me try
(118:59 / All) homsar: buh bye
(119:02 / All) w4a2s0: give me 5 min
(119:11 / All) homsar: ill give you 7 days
(120:33 / All) homsar: what brilliant plan will this be?
(120:52 / All) homsar: last guy was a total moron, he tried to drop siege with no anti air to protect his zepplin
(120:56 / All) homsar: whats your plan?
(121:08 / All) w4a2s0: I've got none that going to work
(121:12 / All) w4a2s0: but i'll try
(121:15 / All) homsar: i could have told you that
(121:42 / All) homsar: of course you could just leave
(121:48 / All) homsar: but too much anger i think
(121:53 / All) w4a2s0: I've got some time
(122:01 / All) homsar: angry, defensive anger
(122:05 / All) w4a2s0: yup
(123:27 / All) homsar: ok so whats the awesomely amazing plan
(123:36 / All) w4a2s0: didn't say it was good
(123:46 / All) homsar: i just hope its better than that retard who tried to drop siege
(123:53 / All) homsar: that made me laugh so hard
(124:28 / All) homsar: well that takes out 1 tower
(124:44 / All) homsar: im just gonna borrow this
(124:54 / All) homsar: ty
(126:06 / All) w4a2s0: here i come
(126:18 / All) homsar: i think you forgot to load it
(126:25 / All) w4a2s0: oh man i did
(126:26 / All) homsar: then again i dont know your plan
(127:25 / All) homsar: well that was easy to beat
(127:30 / All) homsar: next?
(127:44 / All) w4a2s0: welp I'd have to say you have me beat
(128:17 / All) homsar: i have since the game started really
(128:32 / All) w4a2s0: yeah anyway
(128:33 / All) w4a2s0: g
(128:35 / All) w4a2s0: g
(128:36 / All) homsar: lol
(128:37 / All) homsar: not really
(132:09 / All) homsar: trolololololo
(132:11 / All) homsar: nanananana
(132:15 / All) homsar: lalalallalalala
(132:17 / All) homsar: oh ho ho ho ho
(132:34 / All) homsar: lets play
(132:40 / All) homsar: can it survive one more hit of flamestrike
(132:49 / All) homsar: and the answer'
(132:55 / All) homsar: is yes
(133:06 / All) homsar: [queue balloons and confettii]
(133:20 / All) homsar: well you can die by the sword of your own knight